 Dungeon Crawl Stone Soup version 0.28.0 (webtiles) character file.

Game seed: 9657702470540424006

2116 Findor the Basher (level 9, -1/48 HPs)
             Began as a Gargoyle Gladiator on Feb 8, 2022.
             Was an Initiate of Gozag.
             Killed by nerve-wracking pain
             ... invoked by a shadow imp
              (4 damage)
             ... on level 6 of the Dungeon.
             The game lasted 00:14:53 (8624 turns).

Findor the Basher (Gargoyle Gladiator)              Turns: 8624, Time: 00:14:54

Health: -1/48      AC: 17    Str: 21    XL:     9   Next: 29%
Magic:  9/9        EV:  6    Int: 10    God:    Gozag
Gold:   375        SH:  9    Dex: 11    Spells: 8/8 levels left

rFire   . . .      SeeInvis +   a - +0 flail
rCold   + . .      Faith    .   k - +0 kite shield
rNeg    + . .      Spirit   .   p - +0 chain mail
rPois   ∞          Reflect  .   c - +0 helmet
rElec   +          Harm     .   D - +0 cloak
rCorr   .          Rampage  .   (no gloves)
Will    .....                   y - +0 pair of boots
Stlth   ..........              (no amulet)
HPRegen 0.16/turn               s - ring of protection from cold
MPRegen 0.11/turn               z - ring of see invisible

@: no status effects
A: sickness immunity, AC +6, negative energy resistance 1, electricity
resistance, torment resistance 1, petrification resistance
a: Renounce Religion, Potion Petition, Call Merchant, Bribe Branch


You were on level 6 of the Dungeon.
You worshipped Gozag.
Gozag was aware of your devotion.
You visited 2 branches of the dungeon, and saw 8 of its levels.

You collected 411 gold pieces.
You paid 36 gold pieces to Gozag.


Innate Abilities, Weirdness & Mutations

You are immune to sickness and miasma.
Your stone body is resilient. (AC +6)
You are immune to poison.
You resist negative energy. (rN+)
You are resistant to electric shocks. (rElec)
You are resistant to unholy torment.
You are immune to petrification.


   Skills:
 - Level 2.1 Fighting
 * Level 11.4 Maces & Flails
 - Level 1.7 Throwing
 - Level 2.4 Dodging
 + Level 4.8 Shields


You had 8 spell levels left.
You didn't know any spells.
Your spell library contained the following spells:

 Spells                   Type           Power      Damage    Failure   Level
 Animate Skeleton         Necr           0%         N/A       100%        1
 Apportation              Tloc           0%         N/A       100%        1
 Pain                     Necr           0%         1d4       100%        1
 Summon Small Mammal      Summ           0%         N/A       100%        1
 Vampiric Draining        Necr           0%         2d6       100%        3

Inventory:

Hand Weapons
 a - a +0 flail (weapon)
 m - a +2 dagger of venom
   (You took it off a kobold on level 2 of the Dungeon)
Missiles
 d - 5 throwing nets (quivered) {!f}
 i - 6 poisoned darts
 n - 5 boomerangs
Armour
 c - a +0 helmet (worn)
 k - a +0 kite shield (worn)
   (You found it on level 5 of the Dungeon)
 p - a +0 chain mail (worn)
   (You found it on level 3 of the Dungeon)
 y - a +0 pair of boots (worn)
   (You found it on level 4 of the Dungeon)
 D - a +0 cloak (worn)
   (You found it on level 6 of the Dungeon)
Jewellery
 s - a ring of protection from cold (left hand)
   (You found it on level 4 of the Dungeon)
 z - a ring of see invisible (right hand)
   (You found it on level 5 of the Dungeon)
Wands
 t - a wand of flame (14)
   (You found it on level 6 of the Dungeon)
 C - a wand of charming (8)
   (You found it on level 4 of the Dungeon)
Scrolls
 b - 2 scrolls of magic mapping
 e - a scroll of silence {unknown}
 h - a scroll of enchant weapon
 l - a scroll of blinking
 o - a scroll of fear {unknown}
 w - a scroll of fog {unknown}
 A - a scroll of noise {unknown}
Potions
 g - a potion of mutation {!q}
 j - a potion of curing {@q1}
 q - a potion of resistance
 r - a potion of lignification {!q}
 v - a potion of heal wounds {@q2}
 x - 2 potions of ambrosia
 B - a potion of brilliance {unknown}


Message History

An orc is nearby!
There is a shaft here.
You start resting.
An orc is nearby!
The orc falls through a shaft!
The shaft crumbles and collapses.
You start resting.
A deep elf pyromancer comes into view. It is wielding a +0 long sword.
Okay, then.
Aiming: Paralyse
Press: ? - help, Shift-Dir - straight line, f - deep elf pyromancer
Aim: a deep elf pyromancer, wielding a +0 long sword and wearing a ring of ice (wandering, hasn't noticed you, chance to affect: 31%)
The deep elf pyromancer shouts!
The deep elf pyromancer easily resists.
You hear a shout!
Aiming: Paralyse
Press: ? - help, Shift-Dir - straight line, f/p - deep elf pyromancer
Aim: a deep elf pyromancer, wielding a +0 long sword and wearing a ring of ice (chance to affect: 31%)
The deep elf pyromancer easily resists.
The now-empty wand crumbles to dust.
The deep elf pyromancer casts a spell.
As you read the scroll of teleportation {@r4}, it crumbles to dust.
You feel strangely unstable.
The deep elf pyromancer gestures wildly while chanting.
The deep elf pyromancer blinks!
The fire elemental hits you. The fire elemental burns you!
Your surroundings suddenly seem different.
The orc priest shouts!
You hear a shout! x3
The orc priest barely misses you.
The orc priest looks encouraged for a moment.
The orc priest casts a cantrip, but nothing happens.
A purple ugly thing comes into view.
The purple ugly thing gurgles horribly!
The orc priest calls down the wrath of Beogh upon you.
Beogh smites you! The orc hits you but does no damage.
The purple ugly thing punches you.
* * * LOW HITPOINT WARNING * * *
A centaur zombie comes into view.
The purple ugly thing punches you!
* * * LOW HITPOINT WARNING * * *
You block the centaur zombie's attack. The centaur zombie barely misses you.
There is a stone staircase leading up here.
The centaur zombie hits you but does no damage.
The centaur zombie completely misses you.
The purple ugly thing punches you!
* * * LOW HITPOINT WARNING * * *
You climb upwards.
You block the shadow imp's attack. The shadow imp gestures at you.
Pain shoots through your body!
You die...
Your body crumbles into a pile of gold.

...............#..###.....#......
#..........#......##...o..o.....#
.........####..................##
.........# #...o.............##
.##.....#####...o.##..........#
###....####...##..##...#...##...
##.####....###)####..##..# #..#
##...#....##5o# #..#..## ...
#..#...####.@# ##....## #..
###..##.##.u####..#..# #.#
##.###.#.)##.)####.# #.# ###
#.......## #.## ##.# ###...###
##..## #..# #.#.# #....###..#
#.....# ##.....##..# #.###..
##...#...#..# ## #..#...........#


You could see a purple ugly thing, 2 orc priests, an orc wizard and a shadow
imp.

Vanquished Creatures
  Grinder (D:6)
  2 water moccasins (D:5)
  2 sky beasts
  2 black bears
  4 ogres
  2 centaurs (D:6)
  3 scorpions
  A water moccasin skeleton (D:4)
  A howler monkey (D:7)
  3 hounds
  A centaur skeleton (D:6)
  4 orc priests
  A gnoll shaman (D:4)
  2 bullfrog skeletons
  3 iguanas
  An orc wizard (D:3)
  5 gnolls
  3 adders
  An ufetubus (D:6)
  A worm (D:2)
  2 dart slugs
  21 orcs
  6 ball pythons
  8 endoplasms
  3 giant cockroaches
  12 goblins
  7 hobgoblins
  6 jackals
  10 kobolds
  4 quokkas
  5 bats
  4 frilled lizards
  6 rats
137 creatures vanquished.

Notes
Turn   | Place    | Note
-------+----------+-------------------------------------------
     0 | D:1      | Findor the Gargoyle Gladiator began the quest for the Orb.
     0 | D:1      | Reached XP level 1. HP: 12/12 MP: 1/1
    60 | D:1      | Found Luelar's Weapon Shoppe.
    63 | D:1      | Reached XP level 2. HP: 17/17 MP: 2/2
   352 | D:1      | Reached skill level 4 in Maces & Flails
   391 | D:1      | Reached XP level 3. HP: 10/21 MP: 3/3
  1417 | D:2      | Found a faded altar of an unknown god.
  1525 | D:2      | Reached XP level 4. HP: 26/26 MP: 4/4
  1980 | D:3      | Reached skill level 5 in Maces & Flails
  2091 | D:3      | Reached XP level 5. HP: 27/30 MP: 5/5
  2288 | D:3      | Reached skill level 6 in Maces & Flails
  3143 | D:4      | Reached XP level 6. HP: 33/35 MP: 6/6
  3145 | D:4      | Found Hiretuin's Jewellery Shoppe.
  3450 | D:4      | Reached skill level 7 in Maces & Flails
  3699 | D:4      | Noticed a black bear
  3724 | D:4      | Killed a black bear
  3725 | D:4      | Reached XP level 7. HP: 28/40 MP: 7/7
  4082 | D:4      | Reached skill level 8 in Maces & Flails
  4428 | D:5      | Entered Level 5 of the Dungeon
  4472 | D:5      | Found a staircase to the Ecumenical Temple.
  4476 | D:5      | Reached skill level 9 in Maces & Flails
  4485 | D:5      | Found a basalt altar of Yredelemnul.
  4488 | Temple   | Entered the Ecumenical Temple
  4817 | Temple   | Became a worshipper of Gozag Ym Sagoz the Greedy
  5146 | D:5      | Reached XP level 8. HP: 24/44 MP: 8/8
  5742 | D:5      | Found a glowing silver altar of Zin.
  6039 | D:6      | Found Xeumor's Antique Armour Boutique.
  6052 | D:6      | Reached skill level 1 in Shields
  6141 | D:5      | HP: 8/44 [sky beast (3)]
  6325 | D:6      | Reached skill level 10 in Maces & Flails
  6734 | D:6      | Reached skill level 3 in Shields
  7166 | D:6      | Noticed Grinder
  7217 | D:6      | Paralysed by Grinder for 2 turns
  7224 | D:6      | Killed Grinder
  7225 | D:6      | Reached XP level 9. HP: 24/48 MP: 9/9
  7445 | D:6      | Reached skill level 11 in Maces & Flails
  7789 | D:6      | HP: 8/48 [wyvern zombie (7)]
  7795 | D:6      | HP: 7/48 [wyvern zombie (2)]
  8601 | D:7      | Noticed a deep elf pyromancer
  8614 | D:7      | Noticed a purple ugly thing
  8623 | D:7      | HP: 2/48 [purple ugly thing (9)]
  8624 | D:6      | Killed from afar by a shadow imp

Levels and vault maps discovered:
D:1:      mrwooster_arrival_statue_3, layout_basic, serial_shops,
          nicolae_square_shop
D:2:      layout_loops_cross, hellmonk_ecumenical_altar_heavens_door
D:3:      layout_basic
D:4:      layout_basic, serial_shops, shop_fountains, grunt_decor_mini_mirrors
D:5:      nicolae_cairo_tiling_large, layout_basic, overflow_temple_1_default,
          mainiacjoe_overflow_tiny_flanked, minmay_temple_entry_glass
D:6:      layout_layer_cave, serial_shops, nicolae_shop_hallway_stairs,
          uniq_grinder
D:7:      minmay_the_grid_four_pointed_star [minmay_the_grid_triangle_9x9_steps,
          minmay_the_grid_triangle_9x9_from_above,
          minmay_the_grid_triangle_9x9_skeleton,
          minmay_the_grid_triangle_9x9_empty, minmay_the_grid_prize_trominoes],
          layout_basic
Temple:   mainiacjoe_temple_cubbyholes

Action                   |  1- 3 |  4- 6 |  7- 9 || total
-------------------------+-------+-------+-------++-------
Melee: Flail             |   118 |   174 |   234 ||   526
       Punch             |       |     1 |     4 ||     5
Evoke: Wand              |       |     3 |     5 ||     8
  Use: Scroll            |       |       |    14 ||    14
       Potion            |       |       |     2 ||     2
 Stab: Sleeping          |     1 |       |       ||     1
       Paralysed         |       |     5 |     9 ||    14
Armor: Leather armour    |    35 |    42 |       ||    77
       Chain mail        |       |    59 |   171 ||   230
Dodge: Dodged            |    71 |   102 |    90 ||   263
Block: Kite shield       |       |       |    16 ||    16
